Map: Thunderbird LE

Players

ShoWTimE - Winner!

  • Race: Protoss Protoss
  • Spawn Location: 5:00

Lisandro

  • Race: Protoss Protoss
  • Spawn Location: 11:00

Event: 2019 WCS Summer

VOD

Have the link to the VOD?

Description

Time

  • Played on: July 12, 2019, 6:13 a.m.
  • Length: 12:15

All games in this series

Show
View Real Time Build Order
Export as new Build Order

ShoWTimE Protoss - Winner!

Build Orders: Phoenix Opening, Archon Immortal 

Get SALT Encoding   

  12  0:00  Probe  
  13  0:12  Probe  
  14  0:16  Pylon  
  14  0:23  Probe  
  15  0:31  Probe  
  15  0:36  Gateway  
  15  0:40  Probe  
  16  0:46  Assimilator  
  17  0:51  Probe  
  17  0:54  Assimilator  
  18  0:59  Probe  
  19  1:08  Probe  
  19  1:10  Gateway  
  19  1:17  Probe  
  20  1:24  Cybernetics Core  
  21  1:29  Probe  
  22  1:35  Pylon  
  22  1:41  Probe  
  23  1:53  Probe  
  24  2:00  Stalker, Sentry  
  24  2:01  Warp Gate  
  28  2:12  Pylon  
  28  2:29  Stalker  
  30  2:30  Stalker  
  30  2:33  Phoenix  
  32  2:48  Nexus  
  32  2:52  Probe  
  33  3:00  Sentry  
  33  3:01  Sentry  
  33  3:05  Pylon  
  37  3:08  Probe  
  38  3:21  Probe  
  39  3:27  Robotics Facility  
  39  3:30  Probe  
  40  3:38  Probe  
  40  3:42  Phoenix  
  40  3:47  Probe  
  41  3:49  Adept x2  
  46  3:57  Probe  
  46  4:00  Probe  
  47  4:05  Probe  
  47  4:08  Probe, Warp Prism  
  47  4:09  Forge  
  47  4:13  Probe  
  50  4:19  Probe  
  52  4:25  Probe  
  52  4:31  Probe  
  54  4:37  Probe  
  55  4:43  Probe, Pylon  
  55  4:44  Observer  
  55  4:45  Twilight Council  
  56  4:47  Protoss Ground Weapons Level 1  
  56  4:49  Probe  
  56  4:51  Assimilator  
  58  4:53  Assimilator  
  58  4:55  Probe  
  59  5:02  Probe  
  59  5:06  Immortal  
  60  5:07  Probe  
  60  5:08  Pylon  
  60  5:10  Adept  
  60  5:11  Adept  
  60  5:12  Charge  
  69  5:15  Phoenix  
  69  5:19  Probe  
  70  5:26  Probe, Pylon  
  67  5:37  Immortal  
  67  5:39  Shield Battery  
  67  5:49  Gateway x2  
  71  5:58  Templar Archives  
  71  6:02  Pylon  
  71  6:15  Zealot x2  
  75  6:22  Gateway x2  
  75  6:31  Pylon  
  75  6:32  Protoss Ground Weapons Level 2  
  75  6:37  High Templar x2  
  79  6:41  Archon, Pylon  
  79  6:49  Nexus  
  77  7:01  Gateway  
  77  7:02  Gateway  
  77  7:16  High Templar  
  77  7:17  Zealot x4, High Templar  
  77  7:21  Archon  
  89  7:27  Probe x2, Pylon  
  91  7:34  Pylon  
  91  7:36  Shield Battery  
  91  7:40  Probe x2  
  93  7:53  High Templar  
  93  7:54  Zealot x2, Shield Battery x2, High Templar x3  
  105  7:59  Archon x2  
  105  8:02  Shield Battery  
  105  8:03  Zealot x2  
  105  8:04  Pylon  
  109  8:11  Probe x3  
  112  8:19  High Templar x2  
  116  8:24  Archon  
  116  8:28  Zealot x5  
  116  8:29  Zealot  
  116  8:31  Pylon  
  116  8:33  Pylon  
  128  8:35  Pylon  
  128  8:40  Probe x3  
  131  8:46  Protoss Ground Weapons Level 3  
  131  8:49  Pylon  
  131  8:51  Assimilator  
  131  8:52  Probe x3  
  131  8:54  Zealot x3  
  131  8:55  Assimilator  
  140  8:59  Zealot x2  
  140  9:02  Immortal  
  140  9:13  High Templar x2  
  148  9:18  Archon  
  148  9:20  Probe x2  
  150  9:26  Photon Cannon  
  150  9:28  Photon Cannon  
  150  9:33  Photon Cannon  
  150  9:38  Immortal, Pylon  
  150  9:41  High Templar  
  150  9:42  High Templar  
  154  9:47  Archon  
  158  10:01  High Templar x2  
  158  10:02  Zealot x4  
  158  10:05  Pylon  
  158  10:06  Archon  
  164  10:17  Zealot x2  
  160  10:23  Zealot x4  
  128  10:37  Zealot x4  
  136  10:44  High Templar x4  
  136  10:45  Dark Shrine  
  136  10:49  Archon x2  
  144  11:01  Immortal, Nexus  
  144  11:04  Pylon  
  144  11:10  Photon Cannon  
  148  11:11  Shield Battery  
  148  11:20  Shield Battery  
  148  11:24  Probe, Pylon  
  148  11:25  Probe x2  
  151  11:26  High Templar x4  
  151  11:30  Archon x2  
  151  11:31  Zealot x4  
  167  11:41  Shield Battery  
  167  11:46  Probe x3  
  170  11:52  Stalker x4  
  168  12:06  Zealot x4  
Show
View Real Time Build Order
Export as new Build Order

Lisandro Protoss 

Build Orders: Zealot Archon 

Get SALT Encoding   

  12  0:01  Probe  
  13  0:13  Probe  
  14  0:18  Pylon  
  14  0:24  Probe  
  15  0:32  Probe  
  15  0:39  Gateway  
  15  0:40  Probe  
  16  0:46  Assimilator  
  17  0:51  Probe  
  17  0:55  Assimilator  
  18  1:00  Probe  
  19  1:08  Probe  
  19  1:11  Gateway  
  19  1:18  Probe  
  21  1:27  Cybernetics Core  
  21  1:30  Probe  
  22  1:35  Pylon  
  22  1:42  Probe  
  23  1:54  Probe  
  23  1:55  Warp Gate  
  24  2:06  Stalker, Sentry  
  28  2:14  Pylon  
  28  2:35  Nexus  
  28  2:37  Probe  
  28  2:47  Robotics Facility  
  28  2:49  Probe  
  31  2:51  Sentry  
  31  3:01  Probe, Sentry  
  34  3:13  Probe  
  34  3:18  Pylon  
  35  3:25  Probe  
  36  3:30  Immortal  
  36  3:40  Probe  
  41  3:46  Probe  
  42  3:53  Stalker x2, Probe  
  47  3:59  Immortal  
  47  4:02  Probe  
  44  4:05  Probe  
  49  4:14  Probe  
  50  4:17  Probe  
  50  4:18  Pylon  
  51  4:25  Forge  
  51  4:29  Probe  
  52  4:31  Shield Battery  
  52  4:36  Probe  
  53  4:40  Warp Prism  
  53  4:41  Probe  
  56  4:48  Probe  
  56  4:49  Adept  
  56  4:52  Adept  
  61  4:53  Probe  
  61  4:55  Pylon  
  62  5:01  Probe  
  62  5:05  Probe  
  64  5:08  Twilight Council, Protoss Ground Weapons Level 1  
  64  5:09  Probe  
  65  5:18  Stalker  
  65  5:19  Stalker  
  69  5:25  Shield Battery  
  67  5:31  Probe  
  67  5:34  Probe  
  67  5:35  Charge  
  66  5:42  Observer  
  67  5:48  Photon Cannon  
  69  5:53  Gateway  
  67  5:57  Assimilator  
  67  5:59  Assimilator  
  67  6:05  Gateway  
  67  6:06  Gateway  
  67  6:09  Gateway  
  67  6:12  Gateway  
  67  6:16  Pylon  
  67  6:24  Gateway  
  67  6:26  Gateway  
  67  6:34  Templar Archives  
  67  6:37  Immortal, Pylon  
  71  6:47  Zealot  
  71  6:48  Zealot  
  71  6:50  Protoss Ground Weapons Level 2  
  75  6:56  Pylon  
  75  7:10  Zealot x3  
  75  7:11  Nexus  
  81  7:16  Pylon  
  81  7:24  Zealot x2  
  85  7:33  High Templar  
  85  7:34  High Templar  
  85  7:35  Zealot, High Templar x2  
  95  7:40  Archon x2  
  95  7:43  Zealot  
  97  7:45  Pylon  
  97  7:52  Zealot x2  
  97  7:55  Probe  
  97  7:56  Pylon  
  102  8:04  Zealot x2  
  106  8:16  High Templar x2  
  106  8:17  Zealot x3  
  116  8:20  Archon  
  116  8:26  Pylon  
  116  8:45  High Templar x2  
  116  8:46  Zealot x4  
  128  8:48  Probe  
  128  8:49  Probe  
  128  8:51  Pylon  
  130  9:02  Archon  
  130  9:03  Warp Prism  
  130  9:09  Pylon  
  132  9:17  High Templar  
  132  9:18  Zealot x2, High Templar  
  132  9:19  Zealot x3  
  132  9:23  Archon  
  146  9:28  Pylon  
  146  9:33  Pylon  
  146  9:42  Zealot x4  
  154  10:06  Zealot x4  
  154  10:07  Zealot  
  164  10:08  Zealot x3  
  105  10:30  Zealot x2  
  105  10:31  Zealot x2  
  105  10:32  Zealot x2  
  99  10:45  Probe  
  99  10:47  Assimilator, High Templar x2  
  104  10:50  Assimilator, Dark Shrine  
  104  10:53  Archon  
  104  10:55  High Templar x2  
  104  10:56  High Templar x2  
  104  10:57  Probe x2  
  114  11:01  Archon  
  110  11:07  Zealot x2  
  110  11:08  Archon  
  114  11:16  Observer  
  114  11:18  Probe  
  116  11:28  Nexus  
  116  11:31  High Templar x2  
  116  11:32  Probe  
  121  11:33  Photon Cannon, Probe  
  121  11:34  Observer  
  121  11:39  Archon  
  123  11:42  Zealot x3  
  123  11:43  Zealot  
  130  11:56  Zealot x2  
  110  12:03  Dark Templar x3  
  89  12:12  Dark Templar x2  
Tags
 
Add a new tag
Caveats
  • Supply blocks, unpowered buildings, or Contaminate may cause inaccurate times.
  • Supply counts are checked every 10 seconds.